Cogmind - Beta 14 @@@ ROGUE MODE // 2024.12.20 @ 01:29:11 Player: Pitt Result: Destroyed by 2Z-6SP(R) with Subdweller Shrapnel Launcher Performance ------------- Evolutions (0) 0 Regions Visited (2) 400 Robots Destroyed (15) 75 Value Destroyed (327) 327 Prototype IDs (0) 0 Alien Tech Used (0) 0 Bonus (0) 0 TOTAL SCORE: 802 Bonus ------- None Cogmind --------- Core Integrity 0/250 Matter 254/300 Energy 200/200 System Corruption 3% Temperature Cool (0) Movement Rolling (110) Location -10/Subcaves Parts ------- > --- POWER (1) -------- Subdweller Power Source > --- PROPULSION (2) --- Subdweller Monowheel Subdweller Monowheel > --- UTILITY (2) ------ Small Storage Unit Hacking Suite > --- WEAPON (2) ------- Battle Rifle > --- INVENTORY (8) ---- Light Ion Engine Disposable Heat Sink Humpback Improved Terrain Scanner Seismic Detector Datajack Mining Laser Peak State ------------ > --- POWER ------------ Subdweller Power Source > --- PROPULSION ------- Hover Unit Improved Hover Unit > --- UTILITY ---------- Small Storage Unit Hacking Suite > --- WEAPON ----------- Riot Gun Battle Rifle > --- INVENTORY -------- Light Ion Engine Disposable Heat Sink Humpback Improved Terrain Scanner Seismic Detector Datajack Mining Laser [Rating: 15] Favorites ----------- Power Light Ion Engine Engine Light Ion Engine Propulsion Improved Hover Unit Wheel Subdweller Monowheel Hover Unit Improved Hover Unit Utility Small Storage Unit Device Improved Terrain Scanner Storage Small Storage Unit Processor Salvage Targeting Computer Hackware Hacking Suite Weapon Light Assault Rifle Energy Gun Riot Gun Ballistic Gun Light Assault Rifle Ballistic Cannon Battle Cannon Special Weapon Mining Laser Special Melee Weapon Datajack Build | -11 -10 -10 ------- Run | Yrd Mat Sub Slots Evolved . | . . . Power . | . . . Propulsion . | . . . Utility . | . . . Weapon . | . . . Parts Attached 42 | 6 8 28 Power 2 | 1 . 1 Engine 2 | 1 . 1 Core . | . . . Reactor . | . . . Propulsion 9 | 2 2 5 Treads . | . . . Leg . | . . . Wheel 4 | 2 . 2 Hover 5 | . 2 3 Flight . | . . . Utility 10 | 1 3 6 Device 7 | . 2 5 Storage 1 | 1 . . Processor 1 | . 1 . Hackware 1 | . . 1 Protection . | . . . Artifact . | . . . Weapon 21 | 2 3 16 Energy Gun 1 | . . 1 Energy Cannon . | . . . Ballistic Gun 10 | 2 1 7 Ballistic Cannon 2 | . . 2 Launcher . | . . . Special Weapon 7 | . 2 5 Impact Weapon . | . . . Slashing Weapon . | . . . Piercing Weapon . | . . . Special Melee Weapon 1 | . . 1 Unidentified Prototypes . | . . . Corrupted Parts 1 | . . 1 System Corruption 3 | . . 3 Parts Lost 8 | . . 8 Power . | . . . Propulsion 5 | . . 5 Utility 1 | . . 1 Weapon 2 | . . 2 Highest Loss Streak 4 | . . 4 To Critical Strikes . | . . . Average Slot Usage (%) 98 | . 99 97 Engine 14 | . 14 14 Wheel 4 | . 1 6 Hover 22 | . 26 20 Device 9 | . 12 7 Storage 14 | . 14 14 Hackware 4 | . . 5 Ballistic Gun 18 | . 27 14 Ballistic Cannon 1 | . . 1 Special Weapon 6 | . . 9 Peak Build Rating 15 | 7 12 15 Average Rating 11 | 5 11 11 On Entrance 6 | . 7 11 Naked Turns . | . . . Heaviest Build 18 | 10 12 18 Greatest Support 40 | 20 20 40 Greatest Overweight (x) 5 | . 1 5 Average Overweight (x) . | . . . Largest Inventory Capacity 8 | 8 8 8 Average Capacity 7 | 7 8 8 Most Carried 8 | 8 8 8 Average Carried 6 | 3 6 7 Final Capacity 8 | 8 8 8 Final Carried 8 | 8 7 8 Class Distribution -------------------- 78% | Mutant 21% | Scavenger-Mutant Dominant Class ---------------- Mutant | -10/Materials Mutant | -10/Subcaves Resources | -11 -10 -10 ----------- Run | Yrd Mat Sub Matter Collected 794 | 308 24 462 Remotely . | . . . Salvage Created 453 | 188 24 241 Parts 35 | 12 6 17 Haulers Intercepted . | . . . Recyclers Shooed 1 | 1 . . Parts Field Recycled . | . . . Retrieved Matter . | . . . Parts Self-Destructed 14 | . . 14 Prevented . | . . . Kills | -11 -10 -10 ------- Run | Yrd Mat Sub Combat Hostiles Destroyed 7 | . . 7 Guns 4 | . . 4 Cannons 3 | . . 3 Classes Destroyed 5 | 3 1 1 Worker 1 | 1 . . Builder 1 | . 1 . Tunneler 5 | 5 . . Recycler 1 | 1 . . Subdweller 7 | . . 7 Best Kill Streak 2 | 2 1 2 Combat Bots Only 2 | . . 2 Max Kills in Single Turn 1 | 1 1 1 Gunslinging . | . . . Exploded . | . . . Melee . | . . . Uniques/NPCs Destroyed . | . . . Combat | -11 -10 -10 -------- Run | Yrd Mat Sub Hostile Shots Fired 57 | . . 57 Missed 26 | . . 26 Damage Taken 889 | . . 889 Core 264 | . . 264 Absorbed by Shields . | . . . Core Remaining (%) 100 | 100 . . Volleys Fired 102 | 25 7 70 Largest 2 | 2 2 2 Hottest 100 | 40 100 100 Shots Fired 149 | 50 9 90 Gun 106 | 50 4 52 Cannon 14 | . . 14 Launcher . | . . . Special 29 | . 5 24 Kinetic 115 | 50 4 61 Thermal 29 | . 5 24 Explosive . | . . . Electromagnetic 5 | . . 5 Robot Hit Streak 14 | 6 6 14 Robot Miss Streak 3 | 3 . 3 Penetration Max . | . . . Secondary Targets 1 | . . 1 Max Gunslinging Chain 1 | . . 1 Shots Hit Robots 85 | 32 3 50 Core Hits 32 | 14 1 17 Critical Kills . | . . . Critical Parts Destroyed . | . . . Critical Strikes . | . . . Melee Attacks 5 | . . 5 Impact . | . . . Slashing . | . . . Piercing . | . . . Sneak Attacks . | . . . Combat Hostiles . | . . . Follow-up Attacks . | . . . Damage Inflicted 1125 | 287 35 803 Guns 886 | 287 35 564 Cannons 239 | . . 239 Explosions . | . . . Melee . | . . . Ramming . | . . . Kinetic 1046 | 287 35 724 Thermal . | . . . Explosive . | . . . Electromagnetic 79 | . . 79 Impact . | . . . Slashing . | . . . Piercing . | . . . Highest Corruption 3 | . . 3 Average Corruption 3 | . . 3 Corruption Purged . | . . . Corruption Blocked . | . . . Effects 7 | . . 7 Message Errors 3 | . . 3 Matter Fused 1 | . . 1 Energy Discharges 2 | . . 2 Data Loss (minor) 1 | . . 1 Overload Shots . | . . . Overflow Damage . | . . . Projectiles . | . . . Explosions . | . . . Melee . | . . . Knockbacks . | . . . Impact . | . . . Kinetic . | . . . Secondary . | . . . Self-Inflicted Damage . | . . . Shots . | . . . Rammed . | . . . Targets Rammed . | . . . Kicked . | . . . Crushed . | . . . Highest Temperature 112 | . 112 5 Average Temperature 37 | . 43 4 Received Heat Transfer 174 | . . 174 Siege Activations . | . . . Robots Corrupted . | . . . Combat Hostiles . | . . . Parts Fried . | . . . Impact Corruptions . | . . . Robots Melted . | . . . Combat Hostiles . | . . . Parts Melted 1 | . . 1 Heat Transferred . | . . . Parts Sabotaged . | . . . Parts Stolen . | . . . Parts Stripped . | . . . Power Chain Reactions . | . . . Alert | -11 -10 -10 ------- Run | Yrd Mat Sub Peak Influence 35 | 35 30 . Initial 22 | . 22 . Average 17 | 14 18 . Maximum Alert Level . | . . . Low Security (%) 100 | 100 100 . Level 1 . | . . . Level 2 . | . . . Level 3 . | . . . Level 4 . | . . . Level 5 . | . . . High Security . | . . . Max Security . | . . . Squads Dispatched . | . . . Investigation . | . . . Extermination . | . . . Reinforcement . | . . . Assault . | . . . Garrison . | . . . Intercept . | . . . Searches Triggered . | . . . Construction Impeded . | . . . Haulers Reinforced . | . . . Active Scanning Responses . | . . . Cargo Convoy Interrupts . | . . . Stealth | -11 -10 -10 --------- Run | Yrd Mat Sub Distress Signals . | . . . Communications Jammed . | . . . Distress Signals . | . . . Times Spotted 16 | . 2 14 Peak Tracking Total 2 | . 1 2 Tactical Retreats . | . . . Traps | -11 -10 -10 ------- Run | Yrd Mat Sub Traps Triggered . | . . . Indirectly . | . . . Trap Hack Attempts . | . . . Triggered . | . . . Disarmed . | . . . Reprogrammed . | . . . Reused . | . . . Traps Extracted . | . . . Installed . | . . . Triggered . | . . . Machines | -11 -10 -10 ---------- Run | Yrd Mat Sub Machines Disabled . | . . . Max in Single Turn . | . . . Machines Repaired . | . . . Machines Dismantled . | . . . Machines Sabotaged . | . . . Overloaded Fab Kills . | . . . Hacking | -11 -10 -10 --------- Run | Yrd Mat Sub Machines Accessed 2 | . 2 . Terminals 2 | . 2 . Fabricators . | . . . Repair Stations . | . . . Recycling Units . | . . . Scanalyzers . | . . . Garrison Access . | . . . Total Hacks 4 | . 4 . Successful 4 | . 4 . Failed . | . . . Catastrophic . | . . . Database Lockouts . | . . . Manual 4 | . 4 . Terminals 4 | . 4 . Fabricators . | . . . Repair Stations . | . . . Recycling Units . | . . . Scanalyzers . | . . . Garrison Access . | . . . Terminal Hacks 1 | . 1 . Terminal Index 1 | . 1 . Fabricator Hacks . | . . . Repair Station Hacks . | . . . Recycling Unit Hacks . | . . . Scanalyzer . | . . . Garrison Access Hacks . | . . . Unauthorized Hacks 3 | . 3 . Terminals 3 | . 3 . Assimilate 1 | . 1 . Botnet 1 | . 1 . Operators 1 | . 1 . Fabricators . | . . . Repair Stations . | . . . Recycling Units . | . . . Scanalyzers . | . . . Garrison Access . | . . . Data Cores Recovered . | . . . Used . | . . . Hacking Detections 1 | . 1 . Full Trace Events . | . . . Feedback Events . | . . . Feedback Blocked . | . . . Robot Schematics Acquired . | . . . Robots Built . | . . . Authchips . | . . . Time . | . . . Total Robot Build Rating . | . . . Part Schematics Acquired . | . . . Parts Built . | . . . Authchips . | . . . Time . | . . . Total Part Build Rating . | . . . Parts Repaired . | . . . Time . | . . . Parts Recycled . | . . . Recycled Matter . | . . . Retrieved Matter . | . . . Retrieved Components . | . . . Parts Scanalyzed . | . . . Part Schematics Acquired . | . . . Parts Damaged . | . . . Bothacking | -11 -10 -10 ------------ Run | Yrd Mat Sub Used RIF Installer . | . . . Robots Hacked . | . . . Non-combat . | . . . Combat . | . . . Robot Hacks Applied . | . . . Relay Couplers Released . | . . . Fabnet Peak Effective % . | . . . Robots Rewired . | . . . Allies Hacked . | . . . Hacks Repelled . | . . . Allies | -11 -10 -10 -------- Run | Yrd Mat Sub Total Allies 1 | . 1 . Largest Group 1 | . 1 1 Highest-Rated Group 10 | . 10 10 Highest-Rated Ally 10 | . 10 10 Total Orders . | . . . Ally Attacks . | . . . Total Damage . | . . . Kills . | . . . Allies Corrupted . | . . . Allies Melted . | . . . Intel | -11 -10 -10 ------- Run | Yrd Mat Sub Robot Analysis Total . | . . . Derelict Logs Recovered . | . . . Drone Launches . | . . . Drone Recoveries . | . . . Exploration | -11 -10 -10 ------------- Run | Yrd Mat Sub Turns Passed 2704 | 188 756 1760 Spaces Moved 1224 | 135 189 900 Core 13 | 6 . 7 Treads . | . . . Legs . | . . . Wheels 491 | 129 33 329 Hover 720 | . 156 564 Flight . | . . . Fastest Speed 50 | 50 56 56 Average Speed 84 | 78 60 91 Slowest Speed 300 | 80 125 300 Overloaded Moves . | . . . Propulsion Burnouts . | . . . Robots Hopped . | . . . Cave-ins Triggered . | . . . Exploration Rate (%) 22 | 4 20 42 Regions Visited 2 Branch Regions 1 Pre-discovered Areas . | . . . Known Exits Taken . | . . . Unknown Exits Taken 2 | 1 1 . Scrap Searched 8 | . . 8 Spaces Dug 4 | . 4 . Terrain Destroyed 4 | . 4 . Melee . | . . . Projectile 4 | . 4 . AOE . | . . . Terrain Rammed . | . . . Walls Destroyed . | . . . Machines Disabled . | . . . Actions | -11 -10 -10 --------- Run | Yrd Mat Sub Total 2682 | 173 812 1697 Wait 1276 | . 597 679 Move 1222 | 134 188 900 Hop . | . . . Pick Up 17 | 8 4 5 Fast Attach 15 | 6 2 7 Attach 8 | . 2 6 Detach 7 | . 3 4 Swap 19 | . 4 15 Drop 11 | . 5 6 Fire 102 | 25 7 70 Melee 5 | . . 5 Ram . | . . . Kick . | . . . Crush . | . . . Escape Stasis . | . . . Rewire . | . . . Trap . | . . . Miscellaneous . | . . . Route ------- -11/Scrapyard -10/Materials -10/Subcaves History --------- Turn | Location | Event 4 | -11/Scrapyard | Discovered new exit (range 16) 189 | -11/Scrapyard | Entered Materials 303 | -10/Materials | Build established: Mutant 787 | -10/Materials | Discovered new exit (range 14) 945 | -10/Materials | Entered Subcaves 945 | -10/Subcaves | Accompanied by 1 ally 1566 | -10/Subcaves | Ambushed by swarm of Subdwellers 1593 | -10/Subcaves | A swath of the cavern ceiling suddenly collapsed 1680 | -10/Subcaves | Shifting Twisted Machinery released Battle Cannon 1710 | -10/Subcaves | A swath of the cavern ceiling suddenly collapsed 1977 | -10/Subcaves | Lost 4 parts (2n1u1w) 1979 | -10/Subcaves | Lost 3 allies 2119 | -10/Subcaves | Core integrity fell below 50% 2320 | -10/Subcaves | Lost 3 parts (2n1w) 2611 | -10/Subcaves | Build established: Scavenger-Mutant 2690 | -10/Subcaves | Ambushed by Subdweller buried in earth 2694 | -10/Subcaves | Core integrity fell below 20% 2705 | -10/Subcaves | Destroyed by 2Z-6SP(R) with Subdweller Shrapnel Launcher Last Messages --------------- 02275_ Riot Gun destroyed. 02289_ Imp. Hover Unit destroyed. 02293_ Sub. Laser melted. 02293_ SR-KCL(R) destroyed. 02300_ Acquired 46 matter. 02304_ Acquired Corrupted Sub. Monowheel. 02304_ Integrated Corrupted Sub. Monowheel (+3). 02308_ Acquired Sub. Monowheel. 02313_ Acquired 37 matter. 02315_ Acquired 1 matter. 02343_ System corrupted: Energy discharge (-70). 02365_ System corrupted: Matter fused (-6). 02425_ U5IKDG%K>V9GW |3NRG7GD#N34 02470_ Sub. Monowheel shoots sparks and powers down. 02491_ System corrupted: Energy discharge (-80). 02533_ System corrupted: Component data lost. 02653_ ILEY C8=L:8B,FYO>MM3#UNOY | 02691_ UOGS